FSL
WINTER HAVEN SUN SOX @ WEST PALM BEACH EXPOS
07/02/1982
 
TOP OF THE 1ST
Winter Haven Sun Sox batting - Pitching for West Palm Beach Expos : RHP Gabe Rubio
Pitching: RHP Gabe Rubio
Batting: LHB Don Carter 0-0: Ball
1-0: Ball
2-0: Ball
3-0: Base on Balls
Batting: RHB Domingo Ramos 0-0: Ball
1-0: Called Strike
1-1: Fly out, F6 (Line Drive, 6, EV 68.1 MPH)
Batting: RHB Augie Schmidt 0-0: Ball
Don Carter steals 2nd base
1-0: Called Strike
1-1: Ball
2-1: Ball
3-1: Foul Ball, location: 2F
3-2: Base on Balls
Batting: LHB John Heller 0-0: Called Strike
0-1: Foul Ball, location: 2F
0-2: Fielders Choice at 2nd, 4-6 (Groundball, 4, EV 80.0 MPH)
Don Carter to third
Batting: RHB Michael Rupp 0-0: Fly out, F8 (Flyball, 8RXD, EV 87.5 MPH)
Top of the 1st over - 0 runs, 0 hits, 0 errors, 2 left on base; Winter Haven 0 - West Palm Beach 0
BOTTOM OF THE 1ST
West Palm Beach Expos batting - Pitching for Winter Haven Sun Sox : RHP Gregory Staffon
Pitching: RHP Gregory Staffon
Batting: RHB Roland Oruna 0-0: Ball
1-0: Ground out 6-3 (Groundball, 6D, EV 81.9 MPH)
Batting: RHB Steve Kiefer 0-0: TRIPLE (Flyball, 89XD, EV 93.8 MPH)
Batting: SHB Terry Pendleton 0-0: Ball
1-0: Called Strike
1-1: Foul Ball, location: 2F
1-2: Ground out 4-3 (Groundball, 4, EV 103.1 MPH)
Steve Kiefer scores
Batting: SHB Mark Pirruccello 0-0: Swinging Strike
0-1: Foul Ball, location: 2F
0-2: Ground out U3 (Groundball, 3, EV 81.3 MPH)
Bottom of the 1st over - 1 run, 1 hit, 0 errors, 0 left on base; Winter Haven 0 - West Palm Beach 1
TOP OF THE 2ND
Winter Haven Sun Sox batting - Pitching for West Palm Beach Expos : RHP Gabe Rubio
Batting: RHB Takashi Upshur 0-0: Foul Ball, location: 2F
0-1: Ball
1-1: Ball
2-1: Foul Ball, location: 2F
2-2: Strikes out swinging
Batting: RHB Stephen Rhodes 0-0: Ball
1-0: Ball
2-0: Ball
3-0: Base on Balls
Batting: RHB Tim Carroll 0-0: Ball
1-0: Ball
Stephen Rhodes steals 2nd base
2-0: Ground out 6-3 (Groundball, 6S, EV 88.1 MPH)
Stephen Rhodes to third
Batting: RHB Jose Marcano 0-0: Fly out, F8 (Line Drive, 8RD, EV 93.1 MPH)
Top of the 2nd over - 0 runs, 0 hits, 0 errors, 1 left on base; Winter Haven 0 - West Palm Beach 1
BOTTOM OF THE 2ND
West Palm Beach Expos batting - Pitching for Winter Haven Sun Sox : RHP Gregory Staffon
Batting: RHB Don Berti 0-0: Called Strike
0-1: Foul Ball, location: 2F
0-2: Ball
1-2: Foul Ball, location: 2F
1-2: Ground out 4-3 (Groundball, 4S, EV 80.6 MPH)
Batting: LHB Jesus Alfes 0-0: Called Strike
0-1: Called Strike
0-2: Foul Ball, location: 2F
0-2: Ball
1-2: Ball
2-2: Hit by Pitch
Batting: LHB Keith Hughes 0-0: Fly out, F8 (Flyball, 78S, EV 92.5 MPH)
Batting: RHB Matthew Gundelfinger 0-0: Ball
1-0: Ball
2-0: Ball
3-0: Base on Balls
Jesus Alfes to second
Batting: RHB Humberto Cardenas 0-0: Ball
1-0: Called Strike
1-1: Swinging Strike
1-2: Strikes out swinging
Bottom of the 2nd over - 0 runs, 0 hits, 0 errors, 2 left on base; Winter Haven 0 - West Palm Beach 1
TOP OF THE 3RD
Winter Haven Sun Sox batting - Pitching for West Palm Beach Expos : RHP Gabe Rubio
Batting: LHB Don Carter 0-0: Called Strike
0-1: Ball
1-1: SINGLE (Line Drive, 5, EV 98.1 MPH)
Batting: RHB Domingo Ramos 0-0: Ball
Don Carter steals 2nd base
1-0: Ground out 6-3 (Groundball, 6M, EV 82.5 MPH)
Don Carter to third
Batting: RHB Augie Schmidt 0-0: Called Strike
0-1: Swinging Strike
0-2: Strikes out swinging
Batting: LHB John Heller 0-0: Ball
1-0: Fly out, F8 (Flyball, 8RD, EV 80.0 MPH)
Top of the 3rd over - 0 runs, 1 hit, 0 errors, 1 left on base; Winter Haven 0 - West Palm Beach 1
BOTTOM OF THE 3RD
West Palm Beach Expos batting - Pitching for Winter Haven Sun Sox : RHP Gregory Staffon
Batting: RHB Roland Oruna 0-0: Called Strike
0-1: Swinging Strike
0-2: Foul Ball, location: 2F
0-2: Ball
1-2: Strikes out swinging
Batting: RHB Steve Kiefer 0-0: Ground out 5-3 (Groundball, 56S, EV 90.0 MPH)
Batting: SHB Terry Pendleton 0-0: Ball
1-0: Ball
2-0: Fly out, F6 (Popup, 6, EV 58.8 MPH)
Bottom of the 3rd over - 0 runs, 0 hits, 0 errors, 0 left on base; Winter Haven 0 - West Palm Beach 1
TOP OF THE 4TH
Winter Haven Sun Sox batting - Pitching for West Palm Beach Expos : RHP Gabe Rubio
Batting: RHB Michael Rupp 0-0: Swinging Strike
0-1: Ball
1-1: Fly out, F9 (Flyball, 89D, EV 78.8 MPH)
Batting: RHB Takashi Upshur 0-0: Ball
1-0: Foul Ball, location: 2F
1-1: Called Strike
1-2: Foul Ball, location: 2F
1-2: Ground out 5-3 (Groundball, 56S, EV 86.9 MPH)
Batting: RHB Stephen Rhodes 0-0: Ball
1-0: Hit by Pitch
Batting: RHB Tim Carroll 0-0: Called Strike
Stephen Rhodes steals 2nd base (no throw)
0-1: Foul Ball, location: 2F
0-2: Foul Ball, location: 2F
0-2: Foul Ball, location: 2F
0-2: Ball
1-2: Fly out, F8 (Flyball, 8RD, EV 90.0 MPH)
Top of the 4th over - 0 runs, 0 hits, 0 errors, 1 left on base; Winter Haven 0 - West Palm Beach 1
BOTTOM OF THE 4TH
West Palm Beach Expos batting - Pitching for Winter Haven Sun Sox : RHP Gregory Staffon
Batting: SHB Mark Pirruccello 0-0: Foul Ball, location: 2F
0-1: Ball
1-1: Foul Ball, location: 2F
1-2: Strikes out swinging
Batting: RHB Don Berti 0-0: Foul Ball, location: 2F
0-1: Ball
1-1: Ball
2-1: Ball
3-1: Base on Balls
Batting: LHB Jesus Alfes 0-0: Called Strike
0-1: Fielders Choice at 2nd, 5-4 (Groundball, 56, EV 108.8 MPH)
Batting: LHB Keith Hughes 0-0: Fly out, F5 (Line Drive, 5, EV 66.9 MPH)
Bottom of the 4th over - 0 runs, 0 hits, 0 errors, 1 left on base; Winter Haven 0 - West Palm Beach 1
TOP OF THE 5TH
Winter Haven Sun Sox batting - Pitching for West Palm Beach Expos : RHP Gabe Rubio
Batting: RHB Jose Marcano 0-0: Ball
1-0: Foul Ball, location: 2F
1-1: Reached on error, E5 (Groundball, 5, EV 83.8 MPH)
Batting: LHB Don Carter 0-0: Ball
1-0: Ball
2-0: Bunt missed!
2-1: Sac Bunt to 2L - play at first, batter OUT! 2-4
Jose Marcano to second
Batting: RHB Domingo Ramos 0-0: Ground out 6-3 (Groundball, 6S, EV 80.6 MPH)
Batting: RHB Augie Schmidt 0-0: Ball
1-0: Called Strike
1-1: Ball
2-1: Ball
3-1: Base on Balls
Batting: LHB John Heller 0-0: Foul Ball, location: 2F
0-1: Foul Ball, location: 2F
0-2: Fly out, F4 (Flyball, 34D, EV 70.6 MPH)
Top of the 5th over - 0 runs, 0 hits, 1 error, 2 left on base; Winter Haven 0 - West Palm Beach 1
BOTTOM OF THE 5TH
West Palm Beach Expos batting - Pitching for Winter Haven Sun Sox : RHP Gregory Staffon
Batting: RHB Matthew Gundelfinger 0-0: TRIPLE (Line Drive, 8LD, EV 93.1 MPH)
Batting: RHB Humberto Cardenas 0-0: Bunted foul
0-1: Ball
1-1: Ball
2-1: Hit by Pitch
Batting: RHB Roland Oruna 0-0: Called Strike
0-1: SINGLE (Groundball, 13, EV 85.6 MPH) (infield hit)
Matthew Gundelfinger scores
Humberto Cardenas to second
Batting: RHB Steve Kiefer 0-0: Ball
1-0: Fielders Choice at 2nd, 6-4 (Groundball, 56D, EV 108.8 MPH)
Humberto Cardenas to third
Batting: SHB Terry Pendleton 0-0: Ball
1-0: Grounds into double play, 4-6-3 (Groundball, 4, EV 84.4 MPH)
Bottom of the 5th over - 1 run, 2 hits, 0 errors, 1 left on base; Winter Haven 0 - West Palm Beach 2
TOP OF THE 6TH
Winter Haven Sun Sox batting - Pitching for West Palm Beach Expos : RHP Gabe Rubio
Batting: RHB Michael Rupp 0-0: Ball
1-0: Ground out 4-3 (Groundball, 4, EV 86.9 MPH)
Batting: RHB Takashi Upshur 0-0: Called Strike
0-1: Ball
1-1: Ball
2-1: Swinging Strike
2-2: Foul Ball, location: 2F
2-2: Foul Ball, location: 2F
2-2: Foul Ball, location: 2F
2-2: Ground out 6-3 (Groundball, 6, EV 87.5 MPH)
Batting: RHB Stephen Rhodes 0-0: Called Strike
0-1: Swinging Strike
0-2: Ball
1-2: Ball
2-2: Ground out 5-3 (Groundball, 56, EV 84.4 MPH)
Top of the 6th over - 0 runs, 0 hits, 0 errors, 0 left on base; Winter Haven 0 - West Palm Beach 2
BOTTOM OF THE 6TH
West Palm Beach Expos batting - Pitching for Winter Haven Sun Sox : RHP Gregory Staffon
Batting: SHB Mark Pirruccello 0-0: Foul Ball, location: 2F
0-1: Foul Ball, location: 2F
0-2: Ball
1-2: Ball
2-2: Ground out 6-3 (Groundball, 6, EV 82.5 MPH)
Batting: RHB Don Berti 0-0: Ball
1-0: Ball
2-0: Ball
3-0: Called Strike
3-1: Called Strike
3-2: Foul Ball, location: 2F
3-2: Base on Balls
Batting: LHB Jesus Alfes 0-0: Ball
1-0: Ball
2-0: Called Strike
2-1: Fielders Choice at 2nd, 6-4 (Groundball, 6, EV 93.1 MPH)
Batting: LHB Keith Hughes 0-0: SINGLE (Line Drive, 8LS, EV 91.3 MPH)
Jesus Alfes to second
Runner from 2nd tries for 3rd, OUT! 8-5
Bottom of the 6th over - 0 runs, 1 hit, 0 errors, 1 left on base; Winter Haven 0 - West Palm Beach 2
TOP OF THE 7TH
Winter Haven Sun Sox batting - Pitching for West Palm Beach Expos : RHP Gabe Rubio
Batting: RHB Tim Carroll 0-0: Reached on error, E5 (Groundball, 56, EV 86.3 MPH)
Batting: RHB Jose Marcano 0-0: Bunt missed!
0-1: Ball
1-1: Sac Bunt to 15S - play at first, batter OUT! 1-4
Tim Carroll to second
Batting: LHB Don Carter 0-0: Ball
1-0: Ground out U3 (Groundball, 3, EV 82.5 MPH)
Tim Carroll to third
Batting: RHB Domingo Ramos 0-0: Ball
1-0: Ball
Wild Pitch!
Tim Carroll scores
2-0: Called Strike
2-1: Called Strike
2-2: Ball
3-2: Foul Ball, location: 2F
3-2: SINGLE (Line Drive, 7S, EV 96.9 MPH)
Batting: RHB Augie Schmidt 0-0: Called Strike
0-1: Fly out, F8 (Flyball, 8RM, EV 91.9 MPH)
Top of the 7th over - 1 run, 1 hit, 1 error, 1 left on base; Winter Haven 1 - West Palm Beach 2
BOTTOM OF THE 7TH
West Palm Beach Expos batting - Pitching for Winter Haven Sun Sox : RHP Gregory Staffon
Batting: RHB Matthew Gundelfinger 0-0: Ball
1-0: Ball
2-0: Called Strike
2-1: Foul Ball, location: 2F
2-2: Foul Ball, location: 2F
2-2: Strikes out swinging
Batting: RHB Humberto Cardenas 0-0: Foul Ball, location: 2F
0-1: Ball
1-1: Ball
2-1: SINGLE (Groundball, 6MD, EV 108.1 MPH)
Batting: RHB Roland Oruna 0-0: Ball
1-0: Foul Ball, location: 2F
1-1: Foul Ball, location: 2F
1-2: Foul Ball, location: 2F
1-2: TRIPLE (Line Drive, 89XD, EV 105.6 MPH)
Humberto Cardenas scores
Batting: RHB Steve Kiefer 0-0: Ball
1-0: Called Strike
1-1: Foul Ball, location: 2F
1-2: Foul Ball, location: 2F
1-2: Ball
2-2: Ball
3-2: SINGLE (Groundball, 56, EV 94.4 MPH)
Roland Oruna scores
Batting: SHB Terry Pendleton 0-0: Called Strike
Steve Kiefer is caught stealing 2nd base 2-6
0-1: Ground out 6-3 (Groundball, 6M, EV 106.3 MPH)
Bottom of the 7th over - 2 runs, 3 hits, 0 errors, 0 left on base; Winter Haven 1 - West Palm Beach 4
TOP OF THE 8TH
Winter Haven Sun Sox batting - Pitching for West Palm Beach Expos : RHP Gabe Rubio
Batting: LHB John Heller 0-0: Ball
1-0: Ball
2-0: Called Strike
2-1: Called Strike
2-2: Ball
3-2: Foul Ball, location: 2F
3-2: Base on Balls
Batting: RHB Michael Rupp 0-0: Called Strike
0-1: Fly out, F8 (Line Drive, 8RM, EV 104.4 MPH)
Batting: RHB Takashi Upshur 0-0: Foul Ball, location: 2F
0-1: Ball
1-1: Ball
2-1: Ball
3-1: Swinging Strike
3-2: Fly out, F6 (Line Drive, 6, EV 68.1 MPH)
Batting: RHB Stephen Rhodes 0-0: Ball
1-0: Foul Ball, location: 2F
1-1: Foul Ball, location: 2F
1-2: Foul Ball, location: 2F
1-2: Ball
2-2: Ball
3-2: Ground out 4-3 (Groundball, 4, EV 104.4 MPH)
Top of the 8th over - 0 runs, 0 hits, 0 errors, 1 left on base; Winter Haven 1 - West Palm Beach 4
BOTTOM OF THE 8TH
West Palm Beach Expos batting - Pitching for Winter Haven Sun Sox : RHP Gregory Staffon
Batting: SHB Mark Pirruccello 0-0: Foul Ball, location: 2F
0-1: Fly out, F6 (Popup, 4MD, EV 44.4 MPH)
Batting: RHB Don Berti 0-0: Foul Ball, location: 2F
0-1: Called Strike
0-2: Ball
1-2: Ball
2-2: Ball
3-2: Strikes out looking
Batting: LHB Jesus Alfes 0-0: Ball
1-0: Ball
2-0: Foul Ball, location: 2F
2-1: Foul Ball, location: 2F
2-2: Strikes out swinging
Bottom of the 8th over - 0 runs, 0 hits, 0 errors, 0 left on base; Winter Haven 1 - West Palm Beach 4
TOP OF THE 9TH
Winter Haven Sun Sox batting - Pitching for West Palm Beach Expos : RHP Gabe Rubio
Batting: RHB Tim Carroll 0-0: Called Strike
0-1: SINGLE (Flyball, 7LS, EV 93.1 MPH)
Pitching: RHP Michael Vint
Batting: RHB Jose Marcano 0-0: Ball
1-0: Ball
2-0: Ball
3-0: Base on Balls
Tim Carroll to second
Batting: LHB Don Carter 0-0: Ball
1-0: Called Strike
1-1: Ball
2-1: Ball
3-1: Base on Balls
Tim Carroll to third
Jose Marcano to second
Pinch Hitting: LHB Charles Melito 0-0: Called Strike
0-1: DOUBLE (Line Drive, 78M, EV 96.9 MPH)
Tim Carroll scores
Jose Marcano scores
Don Carter to third
Runner from 3rd tries for Home, SAFE, throw by LF to trailing runner, OUT at third! 7-3-5
Batting: RHB Augie Schmidt 0-0: Called Strike
0-1: Ground out 6-3 (Groundball, 6, EV 90.0 MPH)
Batting: LHB John Heller 0-0: Called Strike
0-1: Swinging Strike
0-2: Ball
1-2: Strikes out looking
Top of the 9th over - 3 runs, 2 hits, 0 errors, 0 left on base; Winter Haven 4 - West Palm Beach 4
BOTTOM OF THE 9TH
West Palm Beach Expos batting - Pitching for Winter Haven Sun Sox : RHP Gregory Staffon
Pitching: RHP Brian Monahan
Now at SS: Landre Carty
Batting: LHB Keith Hughes 0-0: Ground out 6-3 (Groundball, 6, EV 81.3 MPH)
Batting: RHB Matthew Gundelfinger 0-0: Foul Ball, location: 2F
0-1: Fly out, F9 (Flyball, 9LD, EV 88.8 MPH)
Batting: RHB Humberto Cardenas 0-0: Ball
1-0: Foul Ball, location: 2F
1-1: Ball
2-1: Ball
3-1: Called Strike
3-2: Strikes out swinging
Bottom of the 9th over - 0 runs, 0 hits, 0 errors, 0 left on base; Winter Haven 4 - West Palm Beach 4
TOP OF THE 10TH
Winter Haven Sun Sox batting - Pitching for West Palm Beach Expos : RHP Michael Vint
Pitching: LHP Marion Thackston
Batting: RHB Michael Rupp 0-0: Ball
1-0: Foul Ball, location: 2F
1-1: Ball
2-1: Foul Ball, location: 2F
2-2: Ball
3-2: SINGLE (Line Drive, 89M, EV 97.5 MPH)
Batting: RHB Takashi Upshur 0-0: Bunt missed!
0-1: Bunt missed!
0-2: Ball
1-2: Ground out 5-3 (Groundball, 56, EV 96.3 MPH)
Michael Rupp to second
Batting: RHB Stephen Rhodes 0-0: Ball
1-0: Swinging Strike
1-1: Foul Ball, location: 2F
1-2: Strikes out swinging
Batting: RHB Tim Carroll 0-0: Ball
1-0: Ball
2-0: SINGLE (Line Drive, 4D, EV 101.9 MPH)
Michael Rupp to third
Batting: RHB Jose Marcano 0-0: Foul Ball, location: 2F
0-1: Ball
1-1: Foul Ball, location: 2F
1-2: Strikes out swinging
Top of the 10th over - 0 runs, 2 hits, 0 errors, 2 left on base; Winter Haven 4 - West Palm Beach 4
BOTTOM OF THE 10TH
West Palm Beach Expos batting - Pitching for Winter Haven Sun Sox : RHP Brian Monahan
Batting: RHB Roland Oruna 0-0: Called Strike
0-1: Called Strike
0-2: Fly out, F4 (Flyball, 4MD, EV 93.1 MPH)
Batting: RHB Steve Kiefer 0-0: Called Strike
0-1: Swinging Strike
0-2: Ball
1-2: Ground out 5-3 (Groundball, 56, EV 85.6 MPH)
Batting: SHB Terry Pendleton 0-0: Ball
1-0: Called Strike
1-1: Ball
2-1: Foul Ball, location: 2F
2-2: Strikes out swinging
Bottom of the 10th over - 0 runs, 0 hits, 0 errors, 0 left on base; Winter Haven 4 - West Palm Beach 4
TOP OF THE 11TH
Winter Haven Sun Sox batting - Pitching for West Palm Beach Expos : LHP Marion Thackston
Batting: LHB Don Carter 0-0: Called Strike
0-1: Ball
1-1: Ball
2-1: Ball
3-1: Ground out 1-3 (Groundball, 13S, EV 68.1 MPH)
Pinch Hitting: RHB Roderick Murphy 0-0: Called Strike
0-1: Ball
1-1: Ground out 6-3 (Groundball, 56, EV 100.6 MPH)
Batting: RHB Augie Schmidt 0-0: Called Strike
0-1: Fly out, F9 (Line Drive, 9, EV 100.6 MPH)
Top of the 11th over - 0 runs, 0 hits, 0 errors, 0 left on base; Winter Haven 4 - West Palm Beach 4
BOTTOM OF THE 11TH
West Palm Beach Expos batting - Pitching for Winter Haven Sun Sox : RHP Brian Monahan
Now at SS: Roderick Murphy
Batting: SHB Mark Pirruccello 0-0: Ball
1-0: Fly out, F9 (Flyball, 89D, EV 101.9 MPH)
Batting: RHB Don Berti 0-0: Ball
1-0: Ball
2-0: Fly out, F6 (Popup, P, EV 79.4 MPH)
Batting: LHB Jesus Alfes 0-0: Called Strike
0-1: DOUBLE (Flyball, 89D, EV 101.9 MPH)
Batting: LHB Keith Hughes 0-0: Intentional Walk
Batting: RHB Matthew Gundelfinger 0-0: Ball
1-0: Called Strike
1-1: Swinging Strike
1-2: Ball
2-2: Strikes out swinging
Bottom of the 11th over - 0 runs, 1 hit, 0 errors, 2 left on base; Winter Haven 4 - West Palm Beach 4
TOP OF THE 12TH
Winter Haven Sun Sox batting - Pitching for West Palm Beach Expos : LHP Marion Thackston
Pitching: RHP Larry Freeburg
Batting: LHB John Heller 0-0: Called Strike
0-1: Swinging Strike
0-2: Ball
1-2: Foul Ball, location: 2F
1-2: Strikes out swinging
Batting: RHB Michael Rupp 0-0: Ball
1-0: Foul Ball, location: 2F
1-1: Ball
2-1: DOUBLE (Groundball, 3L, EV 101.9 MPH)
Batting: RHB Takashi Upshur 0-0: Foul Ball, location: 2F
0-1: Ball
1-1: Foul Ball, location: 2F
1-2: Ground out 1-3 (Groundball, 15S, EV 70.6 MPH)
Batting: RHB Stephen Rhodes 0-0: Ball
1-0: Ground out 4-3 (Groundball, 4, EV 91.3 MPH)
Top of the 12th over - 0 runs, 1 hit, 0 errors, 1 left on base; Winter Haven 4 - West Palm Beach 4
BOTTOM OF THE 12TH
West Palm Beach Expos batting - Pitching for Winter Haven Sun Sox : RHP Brian Monahan
Pitching: RHP Robert Oravec
Batting: RHB Humberto Cardenas 0-0: Called Strike
0-1: Reached on error, E3 (Line Drive, 3, EV 62.5 MPH)
Batting: RHB Roland Oruna 0-0: Ball
Humberto Cardenas is caught stealing 2nd base 2-4
1-0: Ball
2-0: Called Strike
2-1: Foul Ball, location: 2F
2-2: Foul Ball, location: 2F
2-2: TRIPLE (Flyball, 89XD, EV 112.5 MPH)
Batting: RHB Steve Kiefer 0-0: Ball
1-0: Fly out, F8 (Flyball, 8LM, EV 83.1 MPH)
Batting: SHB Terry Pendleton 0-0: Ball
1-0: Called Strike
1-1: SINGLE (Flyball, 6D, EV 89.4 MPH)
Roland Oruna scores
Bottom of the 12th over - 1 run, 2 hits, 1 error, 0 left on base; Winter Haven 4 - West Palm Beach 5
Wednesday, August 12th, 2020 - OOTP Baseball 21.5 Build 76